 Dungeon Crawl Stone Soup version 0.29.1-1-gd02db6906a (webtiles) character file.

Game seed: 17940421849845826855

5215 RascalDebosk the Thaumaturge (level 10, -8/76 HPs)
             Began as a Djinni Conjurer on Oct 17, 2022.
             Was an Initiate of Ashenzari.
             Mangled by a death yak (15 damage)
             ... on level 8 of the Dungeon.
             The game lasted 00:59:25 (6600 turns).

RascalDebosk the Thaumaturge (Djinni Conjurer)      Turns: 6600, Time: 00:59:25

Health: -8/76      AC: 12    Str: 12    XL:     10   Next: 92%
Gold:   447        EV: 12    Int: 20    God:    Ashenzari [......] SH:  0 Dex: 16

rFire   + + .      SeeInvis .   B - +2 rapier (speed)
rCold   x . .      Faith    .   (no shield)
rNeg    . . .      Spirit   .   N - +4 troll leather armour {Pargi}
rPois   ∞          Reflect  .   (no helmet)
rElec   .          Harm     .   (no cloak)
rCorr   .          Rampage  .   (no gloves)
Will    +....                   (boots unavailable)
Stlth   ++........              c - amulet of the acrobat
HPRegen 1.02/turn               h - +4 ring of protection
MPRegen 0.00/turn               n - +6 ring of strength

@: flying
A: sickness immunity, fire resistance 2, cold vulnerability 1, float, innate
caster, HP casting, extra vitality 1
a: Renounce Religion, Curse Item


You were on level 8 of the Dungeon.
You worshipped Ashenzari.
Ashenzari was noncommittal.
You visited 2 branches of the dungeon, and saw 9 of its levels.

You collected 447 gold pieces.

Inventory:

Hand Weapons
 f - a +3 dagger of speed
 s - a +1 dagger of electrocution
 B - a +2 rapier of speed (weapon)
 J - a +4 long sword
Armour
 q - a +1 leather armour of fire resistance
 M - +0 acid dragon scales
 N - a +4 troll leather armour (worn) {Pargi}
Magical Staves
 C - a staff of poison
Jewellery
 c - an amulet of the acrobat (around neck)
 h - a +4 ring of protection (left hand)
 n - a +6 ring of strength (right hand)
 I - a ring of resist corrosion
Wands
 b - a wand of roots (19)
 E - a wand of digging (5)
 K - a wand of flame (21)
 L - a wand of charming (7)
Scrolls
 a - a scroll of noise {unknown}
 d - 3 scrolls of magic mapping
 j - 4 scrolls of poison
 k - a scroll of amnesia {unknown}
 p - a scroll of torment {unknown}
 t - 5 scrolls of teleportation
 v - a scroll of blinking {unknown}
 w - a scroll of fog {unknown}
 y - a scroll of immolation {unknown}
 D - a scroll of fear {unknown}
 H - 2 scrolls of enchant armour
 O - a scroll of vulnerability {unknown}
Potions
 e - a potion of cancellation
 g - a potion of brilliance
 l - a potion of haste
 m - 3 potions of mutation
 o - a potion of ambrosia
 r - a potion of resistance
 u - 5 potions of curing
 x - a potion of heal wounds
 z - a potion of invisibility
 A - a potion of flight
 F - a potion of degeneration {unknown}
 G - a potion of attraction {unknown}


   Skills:
 + Level 8.0 Fighting
 + Level 4.4 Short Blades
 - Level 4.0 Armour
 - Level 2.6 Dodging
 - Level 1.5 Stealth
 * Level 9.4 Spellcasting


You had 4 spell levels left.
You knew the following spells:

 Your Spells              Type           Power      Damage    Failure   Level
a - Magic Dart            Conj           100%       1d8       1%          1
b - Searing Ray           Conj           94%        2d7       1%          2
c - Dazzling Flash        Conj/Hex       94%        N/A       1%          3
d - Fulminant Prism       Conj/Hex       23%        3d13      1%          4
e - Iskenderun's Mystic   Conj/Tloc      47%        2d10      1%          4
f - Necrotise             Necr           100%       1d9       1%          1
g - Static Discharge      Conj/Air       47%        3-9/arc   1%          2
h - Scorch                Fire           94%        2d9       1%          2
i - Animate Dead          Necr           47%        N/A       1%          4
Your spell library was empty.

Dungeon Overview and Level Annotations

Branches:
Dungeon (8/15)             Temple (1/1) D:5            Lair (0/5) D:8

Altars:
Ashenzari
Cheibriados
Dithmenos
Elyvilon
Fedhas
Gozag
Hepliaklqana
Makhleb
Nemelex Xobeh
Okawaru
Qazlal
Trog
Uskayaw
Wu Jian
Xom
Yredelemnul
Zin
The Shining One

Annotations:
D:3 2 transporters, Tirrikindir's ghost, amateur OpFi
D:4 2 transporters, alphun's ghost, amateur KoEn


Innate Abilities, Weirdness & Mutations

You are immune to sickness and miasma.
You are immune to poison.
Your flesh is very heat resistant. (rF++)
You are vulnerable to cold. (rC-)
You float through the air rather than walking.
You learn spells naturally, not from books.
Your magical power is your life essence.
You have superior vitality. (+4 MHP)


Message History

You erupt in a blast of force!
The mystic blast hits the death yak!
The death yak is heavily wounded.
The death yak is knocked back by the mystic blast.
The death yak collides with the death yak!
The death yak is lightly wounded.
The death yak is heavily wounded.
The mystic blast hits the death yak!
The death yak is lightly wounded.
The death yak is knocked back by the mystic blast.
The death yak collides with the death yak!
The death yak is lightly wounded. x2
Casting: Iskenderun's Mystic Blast (dangerous; 1% risk of failure)
Confirm with . or Enter, or press ? or * to list all spells.
You erupt in a blast of force!
The mystic blast hits the death yak!
The death yak is lightly wounded.
The death yak is knocked back by the mystic blast.
The death yak collides with the death yak!
The mystic blast hits the death yak.
The death yak is severely wounded.
The mystic blast hits the death yak.
The death yak is lightly wounded.
The death yak is knocked back by the mystic blast.
The mystic blast hits the death yak.
The death yak is lightly wounded.
The death yak is knocked back by the mystic blast.
The death yak collides with the death yak!
The death yak is lightly wounded.
The death yak is moderately wounded.
Casting: Iskenderun's Mystic Blast (dangerous; 1% risk of failure)
Confirm with . or Enter, or press ? or * to list all spells.
You erupt in a blast of force!
The mystic blast hits the death yak!
The death yak is lightly wounded.
The death yak is knocked back by the mystic blast.
The mystic blast hits the death yak!
The death yak is moderately wounded.
The mystic blast hits the death yak.
The death yak is lightly wounded.
The death yak is knocked back by the mystic blast.
The mystic blast hits the death yak but does no damage.
The death yak is lightly wounded.
The mystic blast hits the death yak!
The death yak is severely wounded.
The death yak is knocked back by the mystic blast.
The death yak gores you!
* * * LOW HITPOINT WARNING * * *
Casting: Iskenderun's Mystic Blast (dangerous; 1% risk of failure)
Confirm with . or Enter, or press ? or * to list all spells.
You erupt in a blast of force!
The mystic blast hits the death yak!
The death yak is lightly wounded.
The death yak is knocked back by the mystic blast.
The mystic blast hits the death yak.
The death yak is lightly wounded.
The death yak is knocked back by the mystic blast.
The mystic blast hits the death yak!
The death yak is moderately wounded.
The death yak is knocked back by the mystic blast.
The mystic blast hits the death yak!
The death yak is almost dead.
The death yak is knocked back by the mystic blast.
The mystic blast hits the death yak.
The death yak is heavily wounded.
The death yak is knocked back by the mystic blast.
* * * LOW HITPOINT WARNING * * *
You fly upwards.
There is a stone staircase leading down here.
You start resting.
HP restored.
You fly downwards.
You hear the hiss of flowing sand.
There is an entrance to an ossuary on this level.
Hurry and find it before the portal is buried!
You hear the roar of battle.
There is an entrance to a bailey on this level.
Hurry and find it before the portal closes forever!
You hear the slow hiss of a very distant avalanche of sand.
You hear the faint creaking of a portcullis nearby.
The death yak gores you! The death yak gores you.
The death yak barely misses you. The death yak gores you! x2
The death yak closely misses you. The death yak gores you!
* * * LOW HITPOINT WARNING * * *
The death yak gores you!!
* * * LOW HITPOINT WARNING * * *
There is a stone staircase leading up here.
Casting: Iskenderun's Mystic Blast (dangerous; 1% risk of failure)
Confirm with . or Enter, or press ? or * to list all spells.
You erupt in a blast of force!
The mystic blast hits the death yak but does no damage.
The mystic blast hits the death yak!
The death yak is severely wounded.
The death yak is knocked back by the mystic blast.
The mystic blast hits the death yak!
The death yak is lightly wounded.
The death yak is knocked back by the mystic blast.
The mystic blast hits the death yak!
The death yak is moderately wounded.
The death yak is knocked back by the mystic blast.
The mystic blast hits the death yak but does no damage. x2
* * * LOW HITPOINT WARNING * * *
The death yak closely misses you. The death yak gores you.
* * * LOW HITPOINT WARNING * * *
The death yak gores you!
You die...

...
##########..
#..........
#.........
##..Y.....####.
.....[.[.......
.....[[Y...#
#......@Y.#
#.......Y...#
.....Y......#
.......Y.......
.............##
............##
....)........
>.#...#.......


You could see 6 death yaks.

Vanquished Creatures
  A two-headed ogre (D:6)
  Pikel (D:7)
  A manticore (D:6)
  Maggie (D:7)
  Duvessa (D:7)
  A water moccasin (D:6)
  Pargi (D:3)
  2 orc warriors
  4 ice beasts
  4 centaurs
  A lemure (D:7)
  5 phantoms
  2 kobold brigands (D:6)
  2 necrophages (D:6)
  4 bullfrogs
  3 scorpions
  6 wights
  Dowan (D:7)
  A howler monkey (D:6)
  4 jellies
  A hound (D:7)
  8 orc priests
  2 iguanas (D:6)
  11 orc wizards
  A river rat (D:5)
  5 adders
  2 white imps
  An ufetubus (D:4)
  An orc zombie (D:7)
  2 worms
  A dart slug (D:1)
  25 orcs
  10 bats
  8 endoplasms
  4 giant cockroaches
  7 goblins
  4 hobgoblins
  5 jackals
  6 kobolds
  6 quokkas (D:5)
  5 ball pythons
  4 frilled lizards
  3 rats
168 creatures vanquished.

Vanquished Creatures (collateral kills)
  An adder (D:6)
  An orc (D:6)
2 creatures vanquished.

Vanquished Creatures (others)
  A bullfrog zombie (D:6)
  An elf zombie (D:7)
  An orc zombie (D:7)
  32 fulminant prisms
  22 plants (D:1)
57 creatures vanquished.

Grand Total: 227 creatures vanquished

Notes
Turn   | Place    | Note
-------+----------+-------------------------------------------
     0 | D:1      | RascalDebosk the Djinni Conjurer began the quest for the
                  | Orb.
     0 | D:1      | RascalDebosk set off with the following spells memorised:
                  | Magic Dart, Searing Ray, Dazzling Flash, Fulminant Prism,
                  | Iskenderun's Mystic Blast.
     0 | D:1      | Reached XP level 1. HP: 15/15 MP: 0/0
   323 | D:1      | Reached skill level 1 in Fighting
   323 | D:1      | Reached XP level 2. HP: 17/22 MP: 0/0
   905 | D:1      | Found a faded altar of an unknown god.
  1328 | D:2      | Reached XP level 3. HP: 20/27 MP: 0/0
  1328 | D:2      | Learned a level 1 spell: Necrotise
  1969 | D:2      | Reached XP level 4. HP: 28/33 MP: 0/0
  2488 | D:3      | Noticed a scorpion
  2489 | D:3      | Found a transporter.
  2491 | D:3      | Noticed Tirrikindir's ghost (amateur OpFi)
  2497 | D:3      | Found a transporter.
  2514 | D:3      | Noticed Pargi
  2524 | D:3      | Killed Pargi
  2525 | D:3      | Reached skill level 1 in Armour
  2525 | D:3      | Reached skill level 4 in Spellcasting
  2525 | D:3      | Reached XP level 5. HP: 20/39 MP: 0/0
  2525 | D:3      | Learned a level 2 spell: Static Discharge
  2885 | D:3      | Found an iron altar of Okawaru.
  2965 | D:3      | Reached XP level 6. HP: 45/45 MP: 0/0
  3324 | D:4      | Found a transporter.
  3430 | D:4      | Reached skill level 5 in Spellcasting
  3430 | D:4      | Reached XP level 7. HP: 49/50 MP: 0/0
  3430 | D:4      | Learned a level 2 spell: Scorch
  3506 | D:4      | Found a transporter.
  3506 | D:4      | Noticed alphun's ghost (amateur KoEn)
  3799 | D:5      | Entered Level 5 of the Dungeon
  3916 | D:5      | Found a staircase to the Ecumenical Temple.
  3925 | Temple   | Entered the Ecumenical Temple
  4025 | Temple   | Became a worshipper of Ashenzari the Shackled
  4153 | D:5      | Reached XP level 8. HP: 58/58 MP: 0/0
  4441 | D:5      | Reached skill level 6 in Spellcasting
  4896 | D:6      | Reached skill level 5 in Fighting
  4937 | D:6      | Reached XP level 9. HP: 56/65 MP: 0/0
  4937 | D:6      | Learned a level 4 spell: Animate Dead
  5074 | D:6      | Reached skill level 7 in Spellcasting
  5475 | D:6      | Noticed a manticore
  5476 | D:6      | Noticed a two-headed ogre
  5486 | D:6      | Killed a two-headed ogre
  5487 | D:6      | Reached skill level 1 in Short Blades
  5519 | D:6      | Reached skill level 8 in Spellcasting
  5521 | D:6      | Killed a manticore
  5522 | D:6      | Reached XP level 10. HP: 32/73 MP: 0/0
  5808 | D:7      | Noticed Dowan
  5809 | D:7      | Noticed Duvessa
  5814 | D:7      | Killed Dowan
  5818 | D:7      | Killed Duvessa
  5927 | D:7      | Your ally Duvessa died
  6001 | D:7      | Noticed Maggie
  6013 | D:7      | Killed Maggie
  6014 | D:7      | Reached skill level 9 in Spellcasting
  6022 | D:7      | Noticed Pikel
  6031 | D:7      | Killed Pikel
  6357 | D:7      | Found a shimmering altar of Xom.
  6533 | D:8      | Noticed a death yak
  6533 | D:8      | Found a staircase to the Lair.
  6540 | D:8      | Noticed a death yak
  6541 | D:8      | Noticed a death yak
  6542 | D:8      | Noticed a death yak
  6542 | D:8      | Noticed a death yak
  6542 | D:8      | Noticed a death yak
  6600 | D:8      | Mangled by a death yak

Illustrated notes

Levels and vault maps discovered:
D:1:      lightli_arrival_chessboard, layout_basic,
          chequers_ecumenical_altar_simple_redux, kennysheep_boxes
D:2:      layout_rooms
D:3:      layout_rooms, kennysheep_okawaru_gauntlet, gammafunk_ghost_arena,
          uniq_pargi
D:4:      layout_basic, gammafunk_ghost_mausoleum
D:5:      layout_gridville, minmay_temple_entry_drinking_statues,
          gup_sewer_entry_spiral, guppyfry_early_orc_mine
D:6:      kennysheep_windowed_halls, layout_basic
D:7:      layout_loops_ring, mainiacjoe_overflow_divided_tiny, uniq_maggie,
          uniq_pikel, uniq_duvessa
D:8:      layout_rooms, dpeg_lair_monsters, enter_bailey_3,
          gup_ossuary_entry_pyramid
Temple:   regret_index_temple_chain_breaker

Skill      XL: |  1  2  3  4  5  6  7  8  9 10 |
---------------+-------------------------------+-----
Fighting       | 1 2 3 4 5 6 8 |  8.0
Armour         | 1 2 3 4 |  4.0
Spellcasting   | 4 5 6 8 9 |  9.4
Short Blades   | 2 4 |  4.4
Dodging        | |  2.6
Stealth        | |  1.5

Action                   |  1- 3 |  4- 6 |  7- 9 | 10-12 || total
-------------------------+-------+-------+-------+-------++-------
Melee: Dagger            |     1 |       |       |       ||     1
       Rapier            |       |       |    50 |    24 ||    74
       Punch             |       |       |     2 |       ||     2
 Cast: Magic Dart        |    67 |    73 |   107 |    39 ||   286
       Necrotise         |     4 |       |       |       ||     4
       Searing Ray       |       |     7 |     6 |     9 ||    22
       Fulminant Prism   |       |     3 |    16 |    13 ||    32
       Iskenderun's Myst |       |     1 |    14 |    28 ||    43
       Animate Dead      |       |       |     1 |     1 ||     2
  Use: Scroll            |       |     9 |     4 |     6 ||    19
 Stab: Sleeping          |       |       |     3 |       ||     3
Armor: Robe              |     6 |     1 |       |       ||     7
       Troll leather arm |       |       |    18 |    15 ||    33
Dodge: Dodged            |    13 |     3 |    38 |    35 ||    89
